AoeStats
← miguelon01

Four Lakes

510053092Analyzed
1v1 RM · 3d ago on Sep 29, 2026· 54m 50s· 2 players
Game mode
Random Map
Map size
Tiny (2 player)
Population
200
Speed
Normal
Resources
Standard
Victory
Conquest
Starting age
Dark Age
Ending age
Imperial Age
RankedLock teamsTeams togetherTeam positionsShared explorationLock speedFull tech treeHidden civsTurbo modeCheats
Victory
Defeat
🇧🇷 Celts · Brazil
942
+16
🇺🇸 Bohemians · United States
943
-16
miguelon01
9:53 Feudal Age
10:28 Loom
15:55 Castle Age
14:03 Double-Bit Axe
16:52 Bow Saw
17:16 Stone Mining
20:02 Horse Collar
24:17 Fletching
24:47 Heavy Plow
25:18 Gold Mining
26:36 Wheelbarrow
32:10 Imperial Age
30:15 Forging
30:07 Scale Mail Armor
30:31 Pikeman
32:39 Murder Holes
32:45 Bodkin Arrow
32:29 Capped Ram
34:05 Chain Mail Armor
35:41 Plate Mail Armor
35:56 Halberdier
37:39 Iron Casting
38:06 Gold Shaft Mining
37:21 Arson
37:23 Light Cavalry
38:32 Siege Ram
40:46 Blast Furnace
40:43 Elite Woad Raider
42:01 Scale Barding Armor
42:34 Masonry
43:10 Chain Barding Armor
46:40 Elite Skirmisher
47:23 Padded Archer Armor
48:27 Chemistry
53:57 Ballistics
Kang
4:26 Loom
12:21 Feudal Age
12:58 Town Watch
13:11 Double-Bit Axe
14:28 Wheelbarrow
14:32 Fishing Lines
21:06 Castle Age
22:07 Bow Saw
22:35 Gillnets
24:21 Hand Cart
23:59 Horse Collar
25:24 Heavy Plow
30:16 Imperial Age
27:42 Pikeman
28:22 Squires
30:49 Chemistry
30:43 Murder Holes
30:59 Masonry
30:59 Padded Archer Armor
31:10 Forging
33:18 Two-Man Saw
32:45 Town Patrol
32:15 Halberdier
34:29 Fletching
35:16 Iron Casting
36:24 Conscription
36:26 Scale Mail Armor
37:08 Arson
39:02 Blast Furnace
38:18 Chain Mail Armor
38:16 Wagenburg Tactics
38:47 Ballistics
38:58 Architecture
37:52 Light Cavalry
41:12 Elite Skirmisher
41:21 Houfnice
42:49 Plate Mail Armor
43:03 Husbandry
44:47 Leather Archer Armor
44:28 Bodkin Arrow
Connection lost

Rejoining the realm…

Still unreachable

The connection could not be restored.

Session expired

The server has moved on; the page needs a fresh start.